 Dungeon Crawl Stone Soup version 0.21.1-1-g345015f (webtiles) character file.

10459 Galewin the Severer (level 11, -1/83 HPs)
             Began as a Minotaur Berserker on Apr 18, 2018.
             Was a High Priest of Trog.
             Killed from afar by a manticore (20 damage)
             ... with a volley of spikes
             ... on level 11 of the Dungeon.
             The game lasted 00:22:34 (8311 turns).

Galewin the Severer (Minotaur Berserker)            Turns: 8311, Time: 00:22:36

Health: -1/83      AC:  9    Str: 25    XL:     11   Next: 36%
Magic:  10/10      EV: 11    Int:  4    God:    Trog [*****.]
Gold:   583        SH:  0    Dex: 10    Spells: 10/10 levels left

rFire    . . .     SeeInvis .   F - +0 war axe (distort)
rCold    . . .     Gourm    .   (no shield)
rNeg     . . .     Faith    .   g - +0 scale mail
rPois    .         Spirit   .   (helmet restricted)
rElec    .         Reflect  .   (no cloak)
rCorr    .         Harm     .   n - +2 pair of gloves
MR       ++...                  (no boots)
Stlth    ..........             (no amulet)
HPRegen  1.23/turn              (no ring)
MPRegen  0.12/turn              (no ring)

@: barbed spikes, berserk cooldown, regenerating, slowed, very slow
A: retaliatory headbutt, horns 2
a: Berserk, Trog's Hand, Brothers in Arms, Burn Spellbooks, Renounce Religion


You were on level 11 of the Dungeon.
You worshipped Trog.
Trog was extremely pleased with you.
You were near starving.

You visited 1 branch of the dungeon, and saw 11 of its levels.
You also visited: Sewer.

You collected 583 gold pieces.

Inventory:

Hand Weapons
 a - a +0 hand axe
 F - a +0 war axe of distortion (weapon)
Armour
 g - a +0 scale mail (worn)
 n - a +2 pair of gloves (worn)
Wands
 B - a wand of flame (29)
 D - a wand of acid (4)
 H - a wand of disintegration (14)
 I - a wand of random effects (28)
Scrolls
 b - 2 scrolls of blinking
 f - 2 scrolls of fog {unknown}
 h - 3 scrolls of enchant armour
 k - a scroll of random uselessness {unknown}
 l - 2 scrolls of magic mapping {unknown}
 o - 4 scrolls of identify
 q - 4 scrolls of remove curse {unknown}
 v - a scroll of fear {unknown}
 x - 4 scrolls of teleportation {unknown}
 y - 5 scrolls of immolation {unknown}
 C - a scroll of enchant weapon {unknown}
 E - a scroll of vulnerability {unknown}
Potions
 d - 3 potions of invisibility {unknown}
 e - a potion of might {unknown}
 i - 2 potions of lignification {unknown}
 j - 2 potions of haste {unknown}
 m - 3 potions of flight {unknown}
 p - 2 potions of cancellation {unknown}
 r - 5 potions of heal wounds {unknown}
 s - a potion of degeneration {unknown}
 t - 5 potions of curing {unknown}
 u - a potion of brilliance {unknown}
 w - 2 potions of magic {unknown}
 z - a potion of mutation {unknown}
 A - a potion of agility {unknown}
Comestibles
 c - 21 rations


   Skills:
 - Level 3.9 Fighting
 * Level 19.5 Axes
 - Level 2.6 Armour
 - Level 2.2 Dodging


You had 10 spell levels left.
You didn't know any spells.

Dungeon Overview and Level Annotations

Branches:
Dungeon (11/15)            Temple (0/1) D:4            Lair (0/6) D:10
    Orc (0/2) D:10

Altars:
Ashenzari
Cheibriados
Dithmenos
Gozag
Hepliaklqana
Makhleb
Qazlal
Wu Jian
Yredelemnul


Innate Abilities, Weirdness & Mutations

You reflexively headbutt those who attack you in melee.
You have a pair of horns on your head.


Message History

The barbed spikes become lodged in your body.
* * * LOW HITPOINT WARNING * * *
You feel your anger nearly subside.
You are no longer berserk.
You are exhausted.
You feel yourself slow down.
The manticore flicks its tail.
The volley of spikes misses you.
Your two-headed ogre goes berserk!
You feel somewhat more hungry.
The manticore flicks its tail.
The volley of spikes hits you!
The barbed spikes become lodged in your body.
* * * LOW HITPOINT WARNING * * *
Your skin crawls.
You feel resistant to hostile enchantments.
You are near starving!
The manticore flicks its tail.
The volley of spikes hits you!
The barbed spikes become lodged in your body.
You die...

...............
...............
.......!.......
.....H.........
........O......
.............(.
...............
.......@.......
.........!.....
.......<.......
###############


You could see a manticore and a friendly two-headed ogre (berserk).

Vanquished Creatures
  4 two-headed ogres
  2 cyclopes (D:8)
  A spiny frog (shapeshifter) (D:8)
  A troll (D:9)
  A hornet (D:8)
  Prince Ribbit (D:5)
  2 hippogriffs
  A wraith (D:10)
  5 yaks (D:10)
  2 hogs (D:10)
  A human (D:10)
  A hungry ghost (D:8)
  3 ice beasts
  A hornet zombie (D:8)
  4 orc warriors
  2 sky beasts
  5 ogres
  A phantom (D:7)
  A black bear (D:10)
  2 necrophages
  A crocodile (D:9)
  3 centaurs
  6 bullfrogs
  4 big kobolds
  4 scorpions
  4 killer bees (D:8)
  A wight (D:8)
  A howler monkey (D:9)
  3 crimson imps
  A centaur zombie (D:8)
  3 hounds
  An iron imp (D:9)
  A jelly (D:7)
  An orc priest (D:9)
  4 orc wizards
  2 centaur skeletons
  3 iguanas
  4 worker ants
  3 hound skeletons
  A hound zombie (D:6)
  10 gnolls
  2 howler monkey skeletons
  13 adders
  3 river rats
  3 shadow imps
  2 oozes (D:1)
  2 adder skeletons
  10 worms
  5 dart slugs
  5 leopard geckos
  39 orcs
  9 bats
  4 giant cockroaches
  2 goblins (D:2)
  4 hobgoblins
  15 jackals
  14 kobolds
  5 quokkas
  5 ball pythons (Sewer)
  4 frilled lizards
  2 jackal zombies
  9 rats
259 creatures vanquished.

Vanquished Creatures (collateral kills)
  2 orc warriors (D:8)
  An ogre (D:8)
  A wight (D:8)
  An orc wizard (D:8)
  2 orcs (D:8)
  A leopard gecko zombie (D:8)
8 creatures vanquished.

Vanquished Creatures (others)
  A black bear (D:10)
  An adder (D:10)
  7 fungi
9 creatures vanquished.

Grand Total: 276 creatures vanquished

Notes
Turn   | Place    | Note
-------+----------+-------------------------------------------
     0 | D:1      | Galewin the Minotaur Berserker began the quest for the Orb.
     0 | D:1      | Reached XP level 1. HP: 19/19 MP: 0/0
    61 | D:1      | Reached XP level 2. HP: 13/27 MP: 1/1
    91 | D:1      | Found a shattered altar of Ashenzari.
   200 | D:1      | Reached skill level 4 in Axes
   685 | D:2      | Reached XP level 3. HP: 33/33 MP: 2/2
   715 | D:2      | Reached skill level 5 in Axes
   921 | D:2      | Found a snail-covered altar of Cheibriados.
  1471 | D:3      | Reached XP level 4. HP: 40/40 MP: 3/3
  1471 | D:3      | Reached ** piety under Trog
  1476 | D:3      | Reached skill level 6 in Axes
  1649 | D:3      | Reached XP level 5. HP: 35/46 MP: 4/4
  2236 | D:3      | Reached skill level 7 in Axes
  2366 | D:4      | Reached skill level 8 in Axes
  2366 | D:4      | Reached XP level 6. HP: 41/52 MP: 5/5
  2454 | D:4      | Found an opulent altar of Gozag.
  2549 | D:4      | Reached *** piety under Trog
  2585 | D:4      | Found a runed door.
  2585 | D:4      | Noticed a human
  2590 | D:4      | Found a basalt altar of Yredelemnul.
  2629 | D:4      | You fall through a shaft for 2 floors!
  2719 | D:6      | Reached skill level 9 in Axes
  2772 | D:6      | Reached XP level 7. HP: 58/58 MP: 6/6
  2877 | D:5      | Entered Level 5 of the Dungeon
  3016 | D:5      | Noticed Prince Ribbit
  3027 | D:5      | Killed Prince Ribbit
  3027 | D:5      | Reached skill level 10 in Axes
  3209 | D:5      | Found a shadowy altar of Dithmenos.
  3215 | D:5      | Reached skill level 11 in Axes
  3288 | D:5      | Reached **** piety under Trog
  3290 | D:5      | Found a glowing drain.
  3296 | Sewer    | Entered a sewer
  3410 | Sewer    | Reached XP level 8. HP: 66/66 MP: 7/7
  4013 | D:4      | Found a staircase to the Ecumenical Temple.
  4400 | D:6      | Reached skill level 12 in Axes
  4771 | D:7      | Reached skill level 13 in Axes
  5093 | D:7      | Found a stormy altar of Qazlal.
  5550 | D:8      | Reached XP level 9. HP: 71/71 MP: 8/8
  5608 | D:8      | Reached skill level 14 in Axes
  5646 | D:8      | Found a shadowy altar of Dithmenos.
  5692 | D:8      | Noticed a cyclops
  5699 | D:8      | Noticed a two-headed ogre
  5709 | D:8      | Noticed a spiny frog
  5709 | D:8      | Killed a cyclops
  5709 | D:8      | Reached skill level 15 in Axes
  5717 | D:8      | Killed a spiny frog
  5721 | D:8      | Killed a two-headed ogre
  5721 | D:8      | Reached skill level 16 in Axes
  5721 | D:8      | Reached XP level 10. HP: 78/78 MP: 9/9
  5724 | D:8      | Noticed a two-headed ogre
  5729 | D:8      | Killed a two-headed ogre
  5744 | D:8      | Reached skill level 17 in Axes
  6255 | D:8      | Noticed a cyclops
  6264 | D:8      | Killed a cyclops
  6686 | D:9      | Found a snail-covered altar of Cheibriados.
  6866 | D:9      | Reached skill level 18 in Axes
  6916 | D:9      | Reached ***** piety under Trog
  7072 | D:9      | Noticed a two-headed ogre
  7081 | D:9      | Killed a two-headed ogre
  7127 | D:9      | Found an ornate altar of the Wu Jian Council.
  7127 | D:9      | Found a burning altar of Makhleb.
  7127 | D:9      | Found a hazy altar of Hepliaklqana.
  7128 | D:9      | Found a shadowy altar of Dithmenos.
  7233 | D:10     | Entered Level 10 of the Dungeon
  7350 | D:10     | Reached XP level 11. HP: 83/83 MP: 10/10
  7427 | D:10     | Found a staircase to the Orcish Mines.
  7610 | D:10     | Noticed a two-headed ogre
  7614 | D:10     | Reached skill level 19 in Axes
  7635 | D:10     | Killed a two-headed ogre
  7936 | D:10     | Found a staircase to the Lair.
  8311 | D:11     | Killed from afar by a manticore

Skill      XL: |  1  2  3  4  5  6  7  8  9 10 11 |
---------------+----------------------------------+-----
Axes           | 4 5 6 8 9 11 13 16 18 19 | 19.5
Fighting       | |  3.9
Armour         | |  2.6
Dodging        | |  2.2

Action                   |  1- 3 |  4- 6 |  7- 9 | 10-12 || total
-------------------------+-------+-------+-------+-------++-------
Melee: Hand axe          |    78 |   109 |   256 |    22 ||   465
       Headbutt          |    14 |    21 |    57 |    41 ||   133
       War axe           |       |       |       |   196 ||   196
Invok: Berserk           |     3 |     6 |     7 |     6 ||    22
       Burn Spellbooks   |       |     1 |       |       ||     1
       Trog's Hand       |       |       |       |     2 ||     2
       Brothers in Arms  |       |       |       |     2 ||     2
  Use: Scroll            |       |     5 |     1 |     1 ||     7
  Eat: Chunk             |     3 |     7 |     9 |    14 ||    33
       Ration            |       |     1 |     2 |       ||     3
Armor: Animal skin       |     3 |       |       |       ||     3
       Scale mail        |    27 |    45 |    67 |    61 ||   200
Dodge: Dodged            |    32 |    61 |    88 |    72 ||   253
